 Dungeon Crawl Stone Soup version 0.29.1-12-g30fa7ad0bf (webtiles) character file.

Game seed: 18319393560443382202

377903 FexLirch the Alchemist (level 22, -5/160 HPs)
             Began as an Octopode Summoner on Dec 26, 2022.
             Was a High Priest of Jiyva.
             Killed from afar by Aizul (38 damage)
             ... with a bolt of poison
             ... on level 2 of the Elven Halls.
             The game lasted 04:57:45 (50583 turns).

FexLirch the Alchemist (Octopode Summoner)         Turns: 50583, Time: 04:57:46

Health: -5/160     AC:  8    Str:  5    XL:     22   Next: 82%
Magic:  66/66      EV: 21    Int: 50    God:    Jiyva [*****.]
Gold:   4078       SH:  0    Dex: 14    Spells: 0/47 levels left

rFire   + . .      SeeInvis +   D - +7 trident (protect)
rCold   + . .      Faith    .   (no shield)
rNeg    + + .      Spirit   .   K - amulet of magic regeneration
rPois   .          Reflect  .   l - ring of magical power
rElec   +          Harm     .   i - ring of Ytosudij {Fly rN+ Will+ Str-2}
rCorr   +          Rampage  .   Z - +6 ring of intelligence
Will    ++...                   q - ring of magical power
Stlth   ++++......              o - +6 ring of intelligence
HPRegen 1.80/turn               w - ring of protection from fire
MPRegen 1.25/turn               Y - ring of the Nightingale {Contam +Blink rN+ Int+6 SInv}
                                y - ring of Immorality {rC+ MP+9 Int+5 Stlth+}

@: lethally poisoned (-5 -> -31), under a protective aura, flying, studying Fire
Magic
A: almost no armour, amphibious, 8 rings, camouflage 1, gelatinous body 1,
(nimble swimmer 1), tentacles, antennae 3, sense surroundings 2, electricity
resistance
}: 2/15 runes: decaying, gossamer
a: Renounce Religion, Evoke Blink, Oozemancy, Slimify


You were on level 2 of the Elven Halls.
You worshipped Jiyva.
Jiyva was extremely pleased with you.
You visited 10 branches of the dungeon, and saw 41 of its levels.
You visited the Abyss 1 time.
You also visited: Bailey.

You collected 17766 gold pieces.
You spent 8646 gold pieces at shops.
You paid 5042 gold pieces to Gozag.

Inventory:

Hand Weapons
 D - a +7 trident of protection (weapon)
 T - the +3 sling of Demonkind {freeze, rC+ rCorr}
   (You found it on level 1 of the Lair of Beasts)

   Any ammunition fired from it freezes those it strikes, dealing additional
   cold damage.
   It can also slow down cold-blooded creatures.
   rC:        It protects you from cold.
   rCorr:     It protects you from acid and corrosion.
Armour
 M - the -2 hat of the Alchemist {rElec rPois rF+ rC+ rN+ Will+ rMut rCorr}
   (You acquired it on level 2 of the Dungeon)

   rF:        It protects you from fire.
   rC:        It protects you from cold.
   rElec:     It insulates you from electricity.
   rPois:     It protects you from poison.
   rN:        It protects you from negative energy.
   rCorr:     It protects you from acid and corrosion.
   rMut:      It protects you from mutation.
   Will:      It increases your willpower.
Jewellery
 i - the ring of Ytosudij (right tentacle) {Fly rN+ Will+ Str-2}
   (You acquired it on level 2 of the Dungeon)

   [ring of willpower]

   Str:       It affects your strength (-2).
   rN:        It protects you from negative energy.
   Fly:       It grants you flight.
   Will:      It increases your willpower.
 l - a ring of magical power (left tentacle)
 o - a +6 ring of intelligence (on tentacle)
 q - a ring of magical power (on tentacle)
 v - a +4 ring of slaying
 w - a ring of protection from fire (on tentacle)
 x - a +4 ring of protection
 y - the ring of Immorality (on tentacle) {rC+ MP+9 Int+5 Stlth+}
   (You bought it in a shop on level 5 of the Lair of Beasts)

   [ring of magical power]

   Int:       It affects your intelligence (+5).
   rC:        It protects you from cold.
   MP:        It affects your magic capacity (+9).
   Stlth:     It makes you more stealthy.
 B - a ring of wizardry
 K - an amulet of magic regeneration (around mantle)
 L - a ring of protection from fire
 N - a ring of willpower
 O - a ring of protection from cold
 R - the ring of Zorusch {rCorr Str+6 Dex+2}
   (You found it on level 2 of the Lair of Beasts)

   [ring of strength]

   Str:       It affects your strength (+6).
   Dex:       It affects your dexterity (+2).
   rCorr:     It protects you from acid and corrosion.
 Y - the ring of the Nightingale (on tentacle) {Contam +Blink rN+ Int+6 SInv}
   (You bought it in a shop on level 9 of the Dungeon)

   [ring of intelligence]

   Int:       It affects your intelligence (+6).
   rN:        It protects you from negative energy.
   SInv:      It lets you see invisible.
   +Blink:    It lets you blink.
   Contam:    It causes magical contamination when unequipped.
 Z - a +6 ring of intelligence (on tentacle)
Wands
 m - a wand of paralysis (12)
 u - a wand of iceblast (42)
 H - a wand of light (15)
 I - a wand of flame (46)
 V - a wand of mindburst (12)
 X - a wand of digging (8)
Scrolls
 d - 4 scrolls of poison
 g - 4 scrolls of vulnerability
 k - 22 scrolls of teleportation
 n - 2 scrolls of fear
 r - 4 scrolls of amnesia
 s - 9 scrolls of immolation
 C - a scroll of torment
 G - 4 scrolls of enchant weapon
 J - 7 scrolls of noise
 Q - 6 scrolls of butterflies
 W - 7 scrolls of magic mapping
Potions
 a - 4 potions of magic
 b - 11 potions of mutation
 c - 13 potions of attraction
 e - 3 potions of berserk rage
 j - 5 potions of haste
 p - 6 potions of heal wounds
 t - 23 potions of curing
 z - 10 potions of ambrosia
 A - 5 potions of brilliance
 E - 3 potions of resistance
 F - 7 potions of invisibility
 P - 12 potions of might
 S - 5 potions of lignification
 U - a potion of cancellation
Miscellaneous
 f - a phantom mirror


   Skills:
 + Level 16.1 Fighting
 + Level 16.2 Dodging
 - Level 2.6 Stealth
 + Level 11.6 Unarmed Combat
 - Level 13.0 Spellcasting
 - Level 5.0 Hexes
 - Level 14.2 Summonings
 + Level 13.5 Translocations
 + Level 16.6 Transmutations
 + Level 15.6 Air Magic


You couldn't memorise any spells.
You knew the following spells:

 Your Spells              Type           Power      Damage    Failure   Level
a - Malign Gateway        Summ/Tloc      53%        N/A       1%          7
b - Maxwell's Capacitive  Air            56%        ∞         7%          8
c - Call Canine Familiar  Summ           100%       N/A       0%          3
d - Summon Guardian Gole  Hex/Summ       91%        N/A       1%          3
e - Summon Lightning Spi  Summ/Air       100%       N/A       0%          4
f - Summon Cactus Giant   Summ           54%        N/A       1%          6
g - Storm Form            Tmut/Air       57%        N/A       1%          7
h - Manifold Assault      Tloc           100%       N/A       1%          5
i - Wereblood             Tmut           100%       N/A       0%          2
j - Blink                 Tloc           100%       N/A       0%          2

Your spell library contained the following spells:

 Spells                   Type           Power      Damage    Failure   Level
 Apportation              Tloc           100%       N/A       0%          1
 Summon Small Mammal      Summ           100%       N/A       0%          1
 Call Imp                 Summ           100%       N/A       0%          2
 Lesser Beckoning         Tloc           100%       N/A       0%          3
 Airstrike                Air            56%        2d(8-24)  0%          4
 Foxfire                  Conj/Fire      100%       2x1d9     1%          1
 Magic Dart               Conj           100%       1d8       1%          1
 Necrotise                Necr           100%       1d9       1%          1
 Ensorcelled Hibernation  Hex/Ice        100%       N/A       1%          2
 Scorch                   Fire           64%        2d8       1%          2
 Static Discharge         Conj/Air       84%        3-14/arc  1%          2
 Conjure Flame            Conj/Fire      32%        6-21      1%          3
 Inner Flame              Hex/Fire       55%        N/A       1%          3
 Mephitic Cloud           Conj/Pois/Air  71%        N/A       1%          3
 Portal Projectile        Hex/Tloc       100%       N/A       1%          3
 Spider Form              Tmut/Pois      86%        N/A       1%          3
 Iskenderun's Mystic Bla  Conj/Tloc      79%        2d16      1%          4
 Lightning Bolt           Conj/Air       42%        1d61      1%          5
 Summon Forest            Summ/Tloc      53%        N/A       1%          5
 Dragon Form              Tmut           57%        N/A       1%          7
 Summon Hydra             Summ           54%        N/A       1%          7
 Anguish                  Hex/Necr       27%        N/A       2%          4
 Fulminant Prism          Conj/Hex       27%        3d14      2%          4
 Leda's Liquefaction      Hex/Erth       27%        N/A       2%          4
 Eringya's Noxious Bog    Tmut/Pois      43%        N/A       3%          6
 Statue Form              Tmut/Erth      57%        N/A       3%          6
 Flame Wave               Conj/Fire      32%        2d9       6%          4
 Lee's Rapid Deconstruct  Erth           16%        3d11*     19%         5
 Enfeeble                 Hex            35%        N/A       56%         7
 Necromutation            Tmut/Necr      43%        N/A       82%         8
 Orb of Destruction       Conj           16%        9d7       99%         7
 Borgnjor's Revivificati  Necr           16%        N/A       100%        8
 Death's Door             Necr           16%        N/A       100%        9


Dungeon Overview and Level Annotations

Branches:
Dungeon (15/15)            Temple (1/1) D:4            Lair (5/5) D:11
  Swamp (4/4) Lair:3       Spider (4/4) Lair:3        Slime (0/5) Lair:5
    Orc (2/2) D:9             Elf (2/3) Orc:2        Vaults (4/5) D:13
  Crypt (3/3) Vaults:2       Tomb (1/3) Crypt:3      Depths (0/4) D:15
 Bailey (visited)

Altars:
Ashenzari
Cheibriados
Dithmenos
Elyvilon
Fedhas
Gozag
Hepliaklqana
Kikubaaqudgha
Makhleb
Nemelex Xobeh
Okawaru
Qazlal
Ru
Sif Muna
Trog
Uskayaw
Vehumet
Wu Jian
Xom
Yredelemnul
Zin
The Shining One
Jiyva
Lugonu

Shops:
D:2 =*!?   D:9 =   D:13 *   Orc:2 !**?   Elf:1 *   Elf:2 [:   Lair:1 !
Lair:3 ::   Lair:5 =!   Vaults:1 [   Vaults:2 *   Vaults:3 [   Vaults:4 =

Portals:
Abyss: Lair:5
Trove: Vaults:1 (give +4 demon whip)
Desolation: Elf:2

Annotations:
Elf:2 Aizul
Vaults:1 3 runed translucent doors
Crypt:1 2 transporters, 3 runed translucent doors, exclusion: obsidian statue, Heot Zafel's ghost, veteran MiGl


Innate Abilities, Weirdness & Mutations

You cannot wear most types of armour.
You are amphibious.
You can wear up to eight rings at the same time.
Your skin changes colour to match your surroundings (Stealth+).
Your rubbery body absorbs attacks. (AC +1, EV +1)
((You are camouflaged when in or above water. (Stealth+)))
You have tentacles for arms and can constrict up to eight enemies at once.
You have a pair of large antennae on your head. (SInv)
You passively map the area around you.
You are resistant to electric shocks. (rElec)


Message History

Aizul is lightly wounded.
You feel extremely sick. Aizul closely misses you.
Aizul yawns, and then pretends she didn't.
Aizul coils herself and waves her upper body at you.
The poison arrow hits you!!!
You are more poisoned.
* * * LOW HITPOINT WARNING * * *
You shudder from the blast and a jelly pops out!
Okay, then.
Unknown command.
Blink to where?
Press: ? - help, Dir - move target
As you read the scroll of blinking, it crumbles to dust.
* * * LOW HITPOINT WARNING * * *
You feel extremely sick.
You feel better.
The deep elf pyromancer mumbles some strange words.
Aizul coils herself and waves her upper body at you.
The bolt of poison hits you!!
You are poisoned.
* * * LOW HITPOINT WARNING * * *
What are your orders? t - Shout!
Orders for allies: a - Attack new target. r - Retreat! s - Stop attacking. g - Guard the area. f - Follow me.
Anything else - Cancel.
Retreat in which direction?
Press: ? - help, Dir - move target, f - you
Okay, then.
Unknown command.
Okay, then.
Unknown command.
You feel much better.
You feel very sick. Aizul casts a spell at you. The bolt of poison hits you!!!
You are more poisoned.
You die...

#......................
#........∩.............
#...#######'###########
#...#.............., ,
#..................,
#...#..#######....# *
#...#..# , ....#
#...#..# ...#.....
#...#.@# ,...#,,..#
#...#..#,....# ..#
#...#..# ....# ,
#...#..#...... ,
,,#..#.....# , *,,,, ,
#.S#.....#, , ,,
#.e#{....#, ,, * ,
#........# , , ,
#..#.....# , ,


You could see Aizul and a deep elf pyromancer.

Vanquished Creatures
  Vv (Crypt:3)
  Saint Roka (Vaults:1)
  2 bone dragons
  2 liches (Crypt:3)
  11 sphinxes
  3 ancient champions
  2 tengu reavers (Vaults:4)
  4 revenants
  A fire giant (Vaults:1)
  6 emperor scorpions
  5 ghost moths
  5 vault wardens
  4 curse skulls
  7 ghouls
  Louise (D:15)
  A caustic shrike skeleton (Crypt:3)
  8 ironbound preservers
  A reaper (Crypt:2)
  A vampire knight (Crypt:1)
  9 very ugly things
  4 war gargoyles
  2 bennus (Tomb:1)
  8 ironbound thunderhulks
  7 dire elephants
  2 eleionomae
  4 entropy weavers
  8 bunyips
  2 spark wasps (Spider:4)
  4 eidola
  2 deep elf death magi
  6 yaktaur captains
  7 jiangshi
  2 shambling mangroves
  2 great orbs of eyes
  8 boulder beetles
  4 peacekeepers
  13 vault guards
  8 hydras
  A servant of whispers (Elf:2)
  A spriggan air mage (Swamp:3)
  A spriggan zombie (Crypt:2)
  A quicksilver dragon skeleton (Crypt:3)
  6 radroaches
  3 ghost crabs
  16 centaur warriors
  A fenstrider witch skeleton (Crypt:1)
  A two-headed ogre (D:13)
  7 ironbound frosthearts
  4 alligators
  3 vampire magi
  13 death scarabs (Tomb:1)
  An Orb Guardian skeleton (Crypt:1)
  8 dancing weapons
  12 deep elf knights
  11 pharaoh ants
  2 shadow wraiths (Crypt:2)
  Lodul (D:12)
  2 goliath frogs (Swamp:2)
  2 sun moths
  10 steelbarb worms
  4 flayed ghosts (Crypt:2)
  25 skeletal warriors
  4 spriggan druids
  An entropy weaver zombie (Crypt:1)
  4 bog bodies
  9 swamp dragons
  30 deep trolls
  9 orb spiders
  An anaconda skeleton (Crypt:3)
  A spriggan simulacrum (Crypt:2)
  6 deep elf archers
  3 phantasmal warriors (Crypt:1)
  An anaconda zombie (Crypt:1)
  15 ironbound convokers
  A bunyip skeleton (Crypt:3)
  14 deep elf zephyrmancers
  A wolf spider (shapeshifter) (D:13)
  24 ugly things
  6 wizards
  20 deep elf pyromancers
  A goliath frog zombie (Crypt:2)
  5 necromancers
  10 wolf spiders
  8 lindwurms
  An oklob plant (Swamp:3)
  4 orc knights
  2 orc sorcerers (Orc:2)
  A human zombie (Vaults:2)
  2 cyclopes
  3 manticores (D:15)
  4 will-o-the-wisps
  6 fire giant skeletons (Crypt:3)
  5 moths of wrath
  A centaur zombie (Crypt:2)
  A dire elephant zombie (Crypt:3)
  A black mamba (Lair:5)
  15 vault sentinels
  A cane toad (Lair:3)
  4 torpor snails
  An orc skeleton (Crypt:1)
  2 gargoyles (Crypt:3)
  2 centaur skeletons
  A shock serpent skeleton (Crypt:2)
  3 freezing wraiths (Crypt:1)
  An efreet (D:15)
  A red draconian zombie (Crypt:2)
  17 yaktaurs
  2 tengu conjurers (D:13)
  An alligator snapping turtle skeleton (Crypt:1)
  10 demonic crawlers
  7 guardian mummies
  A queen bee (Spider:2)
  A tarantella (shapeshifter) (D:13)
  2 trolls
  13 hornets
  14 meliai
  6 tyrant leeches
  2 harpy skeletons (Crypt:3)
  13 tarantellas
  3 saltlings (Elf:2)
  2 blink frogs (Lair:5)
  3 ettin zombies
  2 human skeletons (Vaults:2)
  29 slime creatures
  An ice dragon zombie (Crypt:2)
  A frost giant simulacrum (Vaults:2)
  27 jumping spiders
  An air elemental (Elf:1)
  17 culicivoras
  7 flying skulls
  A centaur simulacrum (D:14)
  4 shadows (Crypt:3)
  11 spriggans
  2 ettin skeletons
  A wyvern (Lair:3)
  A vampire (D:13)
  8 fire dragon skeletons (Crypt:3)
  4 yaks
  A water elemental (Elf:2)
  4 wraiths
  Eustachio (D:4)
  14 vampire mosquitoes
  2 basilisks
  A black mamba skeleton (Crypt:1)
  41 redbacks
  A warg (Orc:2)
  11 swamp worms
  2 acid dragons
  A nameless horror (Vaults:2)
  A water moccasin (D:9)
  5 naga skeletons
  A glowing shapeshifter skeleton (Vaults:2)
  5 swamp drakes (Swamp:4)
  17 orc warriors
  6 ogres
  A shining eye zombie (Crypt:2)
  A black mamba simulacrum (Crypt:2)
  A wolf (Lair:5)
  4 boggarts (Vaults:1)
  A swamp dragon skeleton (Crypt:2)
  9 centaurs
  A dream sheep skeleton (Crypt:2)
  A necrophage (Crypt:2)
  A bullfrog (Lair:4)
  A wyvern zombie (Crypt:2)
  An earth elemental (Elf:2)
  A small abomination (Lair:5)
  A troll zombie (Crypt:1)
  9 killer bees
  A spriggan skeleton (Crypt:1)
  5 howler monkeys
  An electric eel (Spider:2)
  A howler monkey (shapeshifter) (D:15)
  A lava snake (Lair:4)
  A hound (D:5)
  2 orc priests (Orc:2)
  A black bear skeleton (Crypt:2)
  An iguana (D:4)
  7 orc wizards
  A wolf simulacrum (Lair:3)
  A naga zombie (Crypt:1)
  16 mummies
  2 adders
  A white imp (D:5)
  An adder skeleton (Crypt:1)
  A lava snake skeleton (Crypt:2)
  A worm (D:2)
  24 orcs
  3 endoplasms (D:2)
  2 giant cockroaches
  4 goblins
  A quokka (D:4)
  3 ball pythons
  2 bats
  3 frilled lizards
  3 kobolds (D:9)
  4 rats (D:2)
  A rat skeleton (Crypt:2)
  A rat zombie (Crypt:1)
  A river rat skeleton (Crypt:1)
998 creatures vanquished.

Vanquished Creatures (collateral kills)
  A dread lich (Crypt:3)
  Sojobo (Vaults:4)
  A tentacled starspawn (Abyss:1)
  An ancient champion (Crypt:2)
  A shadow dragon (shapeshifter) (Lair:5)
  3 orc warlords
  A ghoul (Crypt:2)
  3 ironbound preservers
  A reaper (Crypt:2)
  A vampire knight (Crypt:2)
  4 war gargoyles
  An ironbound thunderhulk (Vaults:1)
  2 entropy weavers (Spider:4)
  An entropy weaver (shapeshifter) (Lair:5)
  3 bunyips
  Snorg (D:12)
  A shambling mangrove (Swamp:4)
  A great orb of eyes (Vaults:2)
  Josephine (D:11)
  4 boulder beetles
  Erolcha (D:10)
  9 hydras
  Erica (D:8)
  An ironbound frostheart (Vaults:2)
  4 alligators
  3 death scarabs (Tomb:1)
  A two-headed ogre (Orc:2)
  A death yak (D:11)
  6 thrashing horrors
  2 spriggan berserkers (Swamp:4)
  A deep elf knight (Elf:1)
  4 skeletal warriors
  A sixfirhy (Abyss:1)
  2 goliath frogs
  A spriggan druid (Swamp:1)
  2 swamp dragons
  6 bog bodies
  13 deep trolls
  An orc knight (Orc:2)
  A lindwurm (Vaults:2)
  A deep elf zephyrmancer (Bailey)
  A wolf spider (Spider:1)
  An oklob plant (Lair:5)
  A deep elf pyromancer (Elf:1)
  3 ugly things (Lair:5)
  A will-o-the-wisp (Swamp:1)
  2 cyclopes
  3 elephants (Lair:3)
  A black mamba (Lair:2)
  A smoke demon (Lair:5)
  A dire elephant zombie (Crypt:1)
  5 cane toads
  A vault sentinel (Vaults:2)
  Joseph (D:8)
  Maggie (D:8)
  4 gargoyles
  5 rime drakes
  11 komodo dragons
  A centaur skeleton (Crypt:1)
  3 ancient zymes
  An entropy weaver simulacrum (Lair:3)
  A hellwing (Abyss:1)
  A sea snake zombie (Crypt:1)
  A troll (D:10)
  An ice devil (Lair:3)
  4 polar bears
  A meliai (D:14)
  5 hornets
  A tyrant leech (Swamp:1)
  A tarantella (Spider:1)
  11 blink frogs
  4 raiju (Abyss:1)
  7 dream sheep (Lair:3)
  2 fire dragon skeletons (Crypt:3)
  A flying skull (Tomb:1)
  A spriggan (Lair:5)
  3 jumping spiders
  A vampire (D:12)
  4 wraiths
  A shadow (D:9)
  4 ynoxinuls
  4 wyverns
  61 yaks
  7 basilisks
  A vampire mosquito (Swamp:1)
  A black mamba skeleton (Crypt:1)
  A redback (Spider:3)
  2 chaos spawn
  Grum (D:8)
  4 wargs
  An acid dragon (D:12)
  6 water moccasins
  2 swamp worms
  A swamp drake (Swamp:4)
  15 orc warriors
  3 black bears
  3 ice beasts
  A large abomination (Abyss:1)
  An ice dragon simulacrum (Crypt:1)
  6 ogres
  12 centaurs
  21 wolves
  4 kobold brigands
  10 bullfrogs
  2 scorpions
  8 small abominations
  A two-headed ogre simulacrum (Lair:3)
  6 killer bees
  2 electric eels (Lair:4)
  2 howler monkeys (D:9)
  3 lava snakes (Lair:4)
  A hound (D:5)
  A jelly (Abyss:1)
  A gnoll bouda (Lair:2)
  10 orc priests
  10 orc wizards
  Terence (D:2)
  2 iguanas (D:4)
  10 gnolls
  5 adders
  3 white imps
  An ufetubus (D:5)
  A worm (D:2)
  2 dart slugs
  44 orcs
  7 endoplasms
  2 giant cockroaches
  6 goblins
  7 hobgoblins
  19 kobolds
  3 quokkas
  5 ball pythons
  A bat (D:3)
  3 frilled lizards (D:1)
  5 rats
  A butterfly (Lair:4)
541 creatures vanquished.

Vanquished Creatures (others)
  26 eldritch tentacles
  A tentacled starspawn (Abyss:1)
  A curse skull (Crypt:1)
  A hydra (D:12)
  A catoblepas (shapeshifter) (Vaults:1)
  2 two-headed ogres
  A shock serpent (shapeshifter) (Vaults:1)
  A glowing orange brain (Vaults:1)
  An orc knight (Bailey)
  3 manticores (D:11)
  2 elephants (Lair:3)
  A torpor snail (Lair:2)
  A komodo dragon (D:12)
  4 trolls
  A wyvern (D:11)
  A basilisk (D:11)
  15 yaks
  A steam dragon (D:9)
  A hog (shapeshifter) (Vaults:1)
  A water moccasin (Lair:1)
  8 orc warriors
  3 centaurs
  A gnoll sergeant (D:12)
  4 wights (D:6)
  An elephant simulacrum (Lair:3)
  43 jellies
  A troll simulacrum (Lair:3)
  2 gnolls (D:12)
  A white imp (Lair:3)
  19 foxfires
  20 fungi
  59 plants
  4 starspawn tentacles (Abyss:1)
  36 withered plants (Crypt:3)
268 creatures vanquished.

Grand Total: 1807 creatures vanquished

Notes
Turn   | Place    | Note
-------+----------+-------------------------------------------
     0 | D:1      | FexLirch the Octopode Summoner began the quest for the Orb.
     0 | D:1      | Reached XP level 1. HP: 11/11 MP: 3/3
   233 | D:1      | Found a faded altar of an unknown god.
   292 | D:1      | Reached XP level 2. HP: 4/17 MP: 0/5
   864 | D:1      | Learned a level 2 spell: Call Imp
  1387 | D:1      | Reached XP level 3. HP: 21/21 MP: 6/6
  1501 | D:2      | Noticed Terence
  1547 | D:2      | Found an ornate altar of the Wu Jian Council.
  1718 | D:2      | Found Totetyhech's Magic Scroll Boutique.
  1728 | D:2      | Bought a scroll of teleportation for 33 gold pieces
  1887 | D:2      | Learned a level 3 spell: Call Canine Familiar
  2024 | D:2      | Found Qeiw's Distillery.
  2048 | D:2      | Bought a potion of heal wounds for 65 gold pieces
  2248 | D:3      | Found an ancient bone altar of Kikubaaqudgha.
  2793 | D:4      | Noticed a scorpion
  2811 | D:4      | Killed a scorpion
  2812 | D:4      | Reached skill level 5 in Summonings
  2812 | D:4      | Reached XP level 4. HP: 27/27 MP: 4/9
  2824 | D:4      | Reached XP level 5. HP: 31/31 MP: 6/10
  2849 | D:4      | Noticed Eustachio
  3112 | D:4      | Killed Eustachio
  3113 | D:4      | Reached XP level 6. HP: 11/36 MP: 12/12
  3582 | D:4      | Found a staircase to the Ecumenical Temple.
  3603 | Temple   | Entered the Ecumenical Temple
  3609 | Temple   | Became a worshipper of Gozag Ym Sagoz the Greedy
  3629 | D:5      | Entered Level 5 of the Dungeon
  3708 | D:5      | Noticed a black bear
  3737 | D:5      | Killed a black bear
  3738 | D:5      | Reached skill level 5 in Spellcasting
  3738 | D:5      | Reached XP level 7. HP: 39/41 MP: 9/14
  3742 | D:5      | Learned a level 3 spell: Summon Guardian Golem
  3747 | D:5      | Learned a level 4 spell: Summon Lightning Spire
  4432 | D:5      | Found a sacrificial altar of Ru.
  5028 | D:6      | Reached XP level 8. HP: 46/46 MP: 17/17
  5090 | D:6      | Found a snail-covered altar of Cheibriados.
  5564 | D:6      | Identified the +1 robe "Unwedok" {Str+4}
  6182 | D:7      | Reached skill level 1 in Hexes
  6182 | D:7      | Reached skill level 1 in Air Magic
  6560 | D:7      | Reached XP level 9. HP: 51/51 MP: 19/19
  7332 | D:8      | Noticed Joseph
  7424 | D:8      | Noticed Erica
  7436 | D:8      | Found a flagged portal.
  7441 | D:8      | Killed Erica
  7499 | Bailey   | Entered a bailey
  7629 | Bailey   | Noticed an orc knight
  7640 | Bailey   | Killed an orc knight
  7641 | Bailey   | Reached XP level 10. HP: 56/56 MP: 15/22
  7655 | Bailey   | Found a large runed translucent door.
  7655 | Bailey   | Found a large runed translucent door.
  7658 | Bailey   | Noticed a deep elf zephyrmancer
  7711 | Bailey   | Killed a deep elf zephyrmancer
  7983 | D:8      | Found a bloodstained altar of Trog.
  8060 | D:8      | Reached skill level 5 in Hexes
  8060 | D:8      | Reached skill level 5 in Air Magic
  8110 | D:8      | Noticed a two-headed ogre
  8119 | D:8      | Killed a two-headed ogre
  8120 | D:8      | Reached skill level 10 in Summonings
  8295 | D:8      | Noticed Maggie
  8309 | D:8      | Killed Maggie
  8371 | D:8      | Noticed Grum
  8383 | D:8      | Killed Grum
  8557 | D:8      | Killed Joseph
  8720 | D:2      | Found Utwirgh's Assorted Antiques.
  9003 | D:2      | Found Cotezenn's Jewellery Emporium.
  9020 | D:2      | Bought an amulet of magic regeneration for 420 gold pieces
  9186 | D:2      | Bought a scroll of identify for 22 gold pieces
  9186 | D:2      | Bought a scroll of identify for 22 gold pieces
  9186 | D:2      | Bought a scroll of blinking for 82 gold pieces
  9187 | D:2      | Identified 3 scrolls of acquirement
  9196 | D:2      | Acquired the +2 hat "Bolaq" {rF+ Dex+2}
  9207 | D:2      | Acquired the -2 hat of the Alchemist {rElec rPois rF+ rC+
                  | rN+ Will+ rMut rCorr}
  9207 | D:2      | Found the -2 hat of the Alchemist {rElec rPois rF+ rC+ rN+
                  | Will+ rMut rCorr}
  9209 | D:2      | Acquired the ring of Ytosudij {Fly rN+ Will+ Str-2}
  9271 | D:2      | Bought a ring of see invisible for 210 gold pieces
  9660 | D:9      | Found a shimmering blue altar of Sif Muna.
  9800 | D:9      | Found Bitipp's Jewellery Shoppe.
  9888 | D:9      | Reached XP level 11. HP: 37/61 MP: 24/24
 10019 | D:9      | Found a white marble altar of Elyvilon.
 10110 | D:9      | Found a staircase to the Orcish Mines.
 10417 | D:9      | Found a glowing silver altar of Zin.
 10434 | D:10     | Entered Level 10 of the Dungeon
 10585 | D:10     | Noticed Erolcha
 10597 | D:10     | Killed Erolcha
 10673 | D:9      | Bought a +4 ring of protection for 540 gold pieces
 10728 | Orc:1    | Entered Level 1 of the Orcish Mines
 10901 | Orc:1    | Found a burning altar of Makhleb.
 10960 | Orc:1    | Reached skill level 10 in Spellcasting
 12353 | D:11     | Noticed a boulder beetle
 12394 | D:11     | Killed a boulder beetle
 12431 | D:11     | Noticed a death yak
 12463 | D:11     | Noticed a cyclops
 12575 | D:11     | Noticed a manticore
 12585 | D:11     | Killed a manticore
 12690 | D:11     | Found a frozen archway.
 12706 | D:11     | Killed a cyclops
 12707 | D:11     | Reached skill level 1 in Fighting
 12947 | D:12     | Noticed a four-headed hydra
 13008 | D:11     | Killed a death yak
 13019 | D:11     | Reached XP level 12. HP: 70/70 MP: 25/27
 13063 | D:11     | Noticed Josephine
 13071 | D:11     | Killed Josephine
 13119 | D:11     | Found a staircase to the Lair.
 13473 | D:12     | Killed a four-headed hydra
 13626 | D:12     | Noticed a boulder beetle
 13633 | D:12     | Noticed an eight-headed hydra
 13640 | D:12     | Killed a boulder beetle
 13641 | D:12     | Killed an eight-headed hydra
 13642 | D:12     | Reached skill level 5 in Dodging
 13755 | D:12     | Noticed Snorg
 13765 | D:12     | Killed Snorg
 13861 | D:12     | Noticed a two-headed ogre
 13872 | D:12     | Killed a two-headed ogre
 13873 | D:12     | Reached skill level 5 in Fighting
 14014 | D:12     | Noticed Lodul
 14096 | D:11     | Learned a level 6 spell: Summon Cactus Giant
 14097 | Lair:1   | Entered Level 1 of the Lair of Beasts
 14110 | Lair:1   | Noticed a six-headed hydra
 14120 | Lair:1   | Killed a six-headed hydra
 14233 | Lair:1   | Identified the +3 sling of Demonkind {freeze, rC+ rCorr}
 14235 | Lair:1   | Reached XP level 13. HP: 82/82 MP: 28/28
 15294 | Lair:1   | Acquired 864 gold pieces
 15309 | Lair:1   | Bought a potion of heal wounds for 80 gold pieces
 15857 | Lair:2   | Found a hide-covered altar of Uskayaw.
 16080 | Lair:2   | Identified the ring of Zorusch {rCorr Str+6 Dex+2}
 17058 | Lair:3   | Reached XP level 14. HP: 93/93 MP: 29/30
 17226 | Lair:3   | Found a hole to the Spider Nest.
 17332 | Lair:3   | Found a staircase to the Swamp.
 17458 | Lair:3   | Bought a book of Spatial Translocations for 416 gold pieces
 17458 | Lair:3   | Bought Zewoth's Parchment of Topological Transmutation for
                  | 672 gold pieces
 17466 | Lair:3   | Learned a level 7 spell: Storm Form
 17472 | Lair:3   | Learned a level 5 spell: Manifold Assault
 17475 | Lair:3   | Learned a level 2 spell: Wereblood
 17478 | Lair:3   | Learned a level 2 spell: Blink
 17537 | Lair:4   | Reached skill level 1 in Transmutations
 18496 | Lair:5   | Entered Level 5 of the Lair of Beasts
 19040 | Lair:5   | Found a staircase to the Slime Pits.
 19041 | Lair:5   | Found a viscous altar of Jiyva.
 19857 | D:9      | Bought the ring of the Nightingale {Contam +Blink rN+ Int+6
                  | SInv} for 792 gold pieces
 19857 | D:9      | Bought a +6 ring of intelligence for 540 gold pieces
 20737 | Lair:5   | Reached skill level 5 in Transmutations
 20783 | Abyss:1  | Cast into level 1 of the Abyss (spriggan)
 20784 | Abyss:1  | Found a corrupted altar of Lugonu.
 20815 | Abyss:1  | Noticed a starcursed mass
 20818 | Abyss:1  | Noticed a starcursed mass
 20873 | Abyss:1  | Noticed a tentacled starspawn
 20884 | Abyss:1  | Killed a tentacled starspawn
 20924 | Abyss:1  | Noticed a white draconian
 20999 | Abyss:1  | Noticed a bone dragon
 21005 | Abyss:1  | Noticed a starcursed mass
 21016 | Abyss:1  | Found a corrupted altar of Lugonu.
 21070 | Abyss:1  | Noticed an Executioner
 21175 | Abyss:1  | Noticed a tentacled starspawn
 21185 | Abyss:1  | Killed a tentacled starspawn
 21313 | Lair:5   | Escaped the Abyss
 21338 | Lair:5   | Noticed an entropy weaver
 21347 | Lair:5   | Killed an entropy weaver
 21348 | Lair:5   | Reached XP level 15. HP: 74/101 MP: 31/31
 21349 | Lair:5   | Noticed a frost giant
 21351 | Lair:5   | Noticed a shadow dragon
 21351 | Lair:5   | a frost giant changed into a shadow dragon
 21368 | Lair:5   | Killed a shadow dragon
 21737 | D:2      | Killed Terence
 21743 | D:2      | Bought a scroll of blinking for 82 gold pieces
 21743 | D:2      | Bought a scroll of blinking for 82 gold pieces
 22158 | Lair:5   | Found a corrupted altar of Lugonu.
 22158 | Lair:5   | Found a one-way gate to the infinite horrors of the Abyss.
 22567 | Orc:2    | Entered Level 2 of the Orcish Mines
 22651 | Orc:2    | Noticed an orc warlord
 22885 | Orc:2    | Reached skill level 1 in Translocations
 23063 | Orc:2    | Reached skill level 10 in Dodging
 23122 | Orc:2    | Found a staircase to the Elven Halls.
 23204 | Orc:2    | Noticed an orc warlord
 23330 | Orc:2    | Found Gacvoutz's General Store.
 23330 | Orc:2    | Found Zagimiff's General Store.
 23330 | Orc:2    | Found Xewy's Distillery.
 23332 | Orc:2    | Found Wunakk's Magic Scroll Emporium.
 23337 | Orc:2    | Bought a potion of heal wounds for 60 gold pieces
 23343 | Orc:2    | Bought a scroll of blinking for 105 gold pieces
 23469 | Orc:2    | Killed an orc warlord
 23498 | Orc:2    | Killed an orc warlord
 23975 | Orc:2    | Bought a potion of heal wounds for 80 gold pieces
 23975 | Orc:2    | Bought a potion of haste for 160 gold pieces
 23976 | Orc:2    | Bought a potion of brilliance for 64 gold pieces
 23978 | Orc:2    | Bought a potion of mutation for 96 gold pieces
 24160 | Swamp:1  | Entered Level 1 of the Swamp
 24550 | Swamp:1  | Reached skill level 10 in Fighting
 25174 | Swamp:2  | Found an ancient bone altar of Kikubaaqudgha.
 25657 | Swamp:2  | Reached XP level 16. HP: 99/110 MP: 23/32
 27043 | Swamp:3  | Reached skill level 10 in Air Magic
 27183 | Swamp:3  | Reached skill level 10 in Transmutations
 27526 | Swamp:4  | Entered Level 4 of the Swamp
 27541 | Swamp:4  | Reached skill level 5 in Translocations
 28142 | Swamp:4  | Got a decaying rune of Zot
 28671 | D:12     | Killed Lodul
 28868 | D:13     | Found Demolokk's General Store.
 28874 | D:13     | Reached XP level 17. HP: 116/117 MP: 33/33
 29511 | D:13     | Found a gate to the Vaults.
 29813 | D:13     | Found the +5 scythe "Finisher" {speed, eviscerate}
 30717 | D:15     | Entered Level 15 of the Dungeon
 30940 | D:15     | Found an ancient bone altar of Kikubaaqudgha.
 31044 | D:15     | Found a staircase to the Depths.
 31387 | D:15     | Noticed Louise
 31393 | D:15     | Killed Louise
 31394 | D:15     | Reached skill level 1 in Unarmed Combat
 31633 | D:9      | Bought a +6 ring of intelligence for 540 gold pieces
 31750 | Lair:3   | Bought Qont's Last Secrets of Willworking for 864 gold
                  | pieces
 31750 | Lair:3   | Bought a book of Lightning for 648 gold pieces
 31758 | Spider:1 | Entered Level 1 of the Spider Nest
 33219 | Spider:2 | Reached XP level 18. HP: 113/126 MP: 34/34
 34540 | Spider:4 | Entered Level 4 of the Spider Nest
 34972 | Spider:4 | Reached skill level 5 in Unarmed Combat
 35315 | Spider:4 | Got a gossamer rune of Zot
 35699 | Vaults:1 | Entered Level 1 of the Vaults
 35712 | Vaults:1 | Reached XP level 19. HP: 134/134 MP: 11/35
 35881 | Vaults:1 | Found a portal to a secret trove of treasure.
 35917 | Vaults:1 | Found a runed translucent gate.
 35917 | Vaults:1 | Found a runed translucent gate.
 35917 | Vaults:1 | Found a runed translucent gate.
 35917 | Vaults:1 | Noticed a tentacled monstrosity
 35917 | Vaults:1 | Noticed a tentacled monstrosity
 35917 | Vaults:1 | Noticed a tentacled monstrosity
 36494 | Vaults:1 | Found Peodeo's Antique Armour Emporium.
 36498 | Vaults:1 | Noticed Saint Roka
 36507 | Vaults:1 | Killed Saint Roka
 36823 | Vaults:1 | Reached skill level 10 in Translocations
 36838 | Vaults:1 | Learned a level 7 spell: Malign Gateway
 37265 | Vaults:2 | Found a staircase to the Crypt.
 37265 | Vaults:2 | Noticed a bone dragon
 37273 | Vaults:2 | Killed a bone dragon
 37860 | Vaults:2 | Identified the +0 great mace of the Postmodern Artists
                  | {antimagic, rPois rF+ Int-2 Dex+2}
 38128 | Vaults:2 | Found Jelin's Assorted Antiques.
 38138 | Vaults:2 | Bought a scroll of blinking for 262 gold pieces
 38731 | Vaults:2 | Reached XP level 20. HP: 142/142 MP: 37/37
 38781 | Vaults:2 | Identified the +1 spear "Ypnuloyt" {freeze, Str+3 Int+2}
 39757 | Vaults:3 | Found Detickig's Antique Armour Boutique.
 40579 | Vaults:3 | You are sucked into a shaft and drop 1 floor!
 41205 | Vaults:3 | Reached skill level 15 in Transmutations
 42116 | D:2      | Bought a ring of protection from cold for 350 gold pieces
 42536 | Vaults:4 | Identified the +6 quarterstaff of the Demagogue {spect,
                  | Dex+4}
 43214 | Vaults:4 | Noticed Sojobo
 43224 | Vaults:4 | Killed Sojobo
 43225 | Vaults:4 | Reached XP level 21. HP: 8/149 MP: 19/38
 43813 | Vaults:4 | Found Wetin's Jewellery Shop.
 43859 | Vaults:4 | Bought a ring of magical power for 300 gold pieces
 44315 | Lair:5   | Bought a potion of mutation for 112 gold pieces
 44315 | Lair:5   | Bought a potion of magic for 112 gold pieces
 44315 | Lair:5   | Bought a potion of curing for 42 gold pieces
 44315 | Lair:5   | Bought a potion of heal wounds for 70 gold pieces
 44317 | Lair:5   | Bought the ring of Immorality {rC+ MP+9 Int+5 Stlth+} for
                  | 473 gold pieces
 44330 | Lair:5   | Bought a ring of willpower for 250 gold pieces
 44339 | Lair:5   | Fell from the grace of Gozag
 44339 | Lair:5   | Became a worshipper of Jiyva Jophahyw the Shapeless
 44568 | Crypt:1  | Entered Level 1 of the Crypt
 44673 | Crypt:1  | Reached skill level 15 in Dodging
 45314 | Crypt:1  | Found a transporter.
 45319 | Crypt:1  | Found a transporter.
 45430 | Crypt:1  | Reached * piety under Jiyva
 45497 | Crypt:1  | Reached skill level 15 in Fighting
 45615 | Crypt:1  | Identified the +1 falchion "Mamamic" {antimagic, rF- Int+6}
 45736 | Crypt:1  | Found a runed translucent gate.
 45737 | Crypt:1  | Noticed an ancient lich
 45739 | Crypt:1  | Found a runed translucent gate.
 45739 | Crypt:1  | Found an ancient bone altar of Kikubaaqudgha.
 45739 | Crypt:1  | Noticed Heot Zafel's ghost (veteran MiGl)
 45740 | Crypt:1  | Found a runed translucent gate.
 45740 | Crypt:1  | Noticed an ancient lich
 46217 | Crypt:2  | Reached ** piety under Jiyva
 46418 | Crypt:2  | Reached skill level 10 in Unarmed Combat
 46883 | Crypt:3  | Entered Level 3 of the Crypt
 47152 | Crypt:3  | Noticed a bone dragon
 47190 | Crypt:3  | Killed a bone dragon
 47191 | Crypt:3  | Reached skill level 15 in Air Magic
 47439 | Crypt:3  | Noticed Vv
 47699 | Crypt:3  | Reached *** piety under Jiyva
 47762 | Crypt:3  | Gained mutation: You passively map a small area around you.
                  | [Jiyva's grace]
 47762 | Crypt:3  | Gained mutation: You passively map the area around you.
                  | [Jiyva's grace]
 47762 | Crypt:3  | Gained mutation: You passively map a large area around you.
                  | [Jiyva's grace]
 47762 | Crypt:3  | Gained mutation: You have a pair of small antennae on your
                  | head. [Jiyva's grace]
 47916 | Crypt:3  | Reached XP level 22. HP: 158/158 MP: 39/39
 47925 | Crypt:3  | Learned a level 8 spell: Maxwell's Capacitive Coupling
 47979 | Crypt:3  | Found an ancient bone altar of Kikubaaqudgha.
 47990 | Crypt:3  | Noticed a dread lich
 47998 | Crypt:3  | Killed a dread lich
 48007 | Crypt:3  | Noticed an ancient lich
 48014 | Crypt:3  | Banished an ancient lich
 48026 | Crypt:3  | Identified the +9 broad axe "Spiderbane" {venom, rC+}
 48215 | Crypt:3  | Killed Vv
 48444 | Crypt:3  | Found a staircase to the Tomb.
 48459 | Tomb:1   | Entered Level 1 of the Tomb of the Ancients
 48618 | Tomb:1   | Reached **** piety under Jiyva
 48868 | Tomb:1   | Noticed a royal mummy
 48870 | Tomb:1   | Noticed a royal mummy
 49419 | Elf:1    | Entered Level 1 of the Elven Halls
 49628 | Elf:1    | Paralysed by an air elemental for 1 turns
 49725 | Elf:1    | Found Midwiani's Assorted Antiques.
 50202 | Elf:2    | Reached ***** piety under Jiyva
 50240 | Elf:2    | Found Goehukh's Book Shoppe.
 50293 | Elf:2    | Lost mutation: You have a pair of small antennae on your
                  | head. [Jiyva's grace]
 50293 | Elf:2    | Lost mutation: You passively map a large area around you.
                  | [Jiyva's grace]
 50293 | Elf:2    | Gained mutation: You are resistant to electric shocks.
                  | (rElec) [Jiyva's grace]
 50293 | Elf:2    | Gained mutation: You have a pair of small antennae on your
                  | head. [Jiyva's grace]
 50293 | Elf:2    | Gained mutation: You have a pair of antennae on your head.
                  | [Jiyva's grace]
 50293 | Elf:2    | Gained mutation: You have a pair of large antennae on your
                  | head. (SInv) [Jiyva's grace]
 50300 | Elf:2    | Found a crumbling gateway.
 50518 | Elf:2    | Found Woriumaull's Armour Emporium.
 50575 | Elf:2    | Noticed Aizul
 50582 | Elf:2    | HP: 8/160 [Aizul/bolt of poison (24)]
 50583 | Elf:2    | Killed from afar by Aizul

Illustrated notes

Levels and vault maps discovered:
D:1:      kilobyte_arrival_exit_the_forest, layout_loops_corners,
          hellmonk_ecumenical_altar_pennies_from_heaven, nicolae_titane
D:2:      layout_loops_corners, basic_altar, serial_shops, shop,
          nicolae_shop_window_shopping,
          nicolae_shop_temple_entry_statues_fountains, nicolae_square_shop,
          minmay_rat_gold_closets, uniq_terence
D:3:      layout_basic, lemuel_round_altar, st_stairs_6
D:4:      layout_rooms, minmay_temple_entry_proselytizer, uniq_eustachio
D:5:      layout_basic, nicolae_ru_great_annihilating_truth
D:6:      layout_basic, mainiacjoe_overflow_cross_hatched
D:7:      layout_loops_ring, serial_co_window_serial, co_window_paths_b,
          co_window_cross_1, co_window_paths_a, co_window_corner_a,
          co_window_of_opportunity_a, co_window_paths_c, co_window_2corner,
          co_window_corner_cb, co_window_of_opportunity_b, co_window_corner_b,
          co_window_broadway_b, co_window_paths_d, glass_columns_b,
          glass_columns_a, glass_columns_a, minmay_misc_feat_room
D:8:      layout_gridville, bloody_trog, enter_bailey_3, uniq_maggie, uniq_grum,
          uniq_erica, uniq_joseph
D:9:      layout_roguey, mainiacjoe_overflow_catwalk, elyvilon_altar_3,
          zin_treasury, orc_0_dummy, minmay_shop_enchanted_jewellery,
          minmay_strange_pillars
D:10:     layout_small_grid, uniq_erolcha
D:11:     layout_basic, david_lair_generic, portal_ice_cave_entry_pillars_2,
          uniq_josephine
D:12:     layout_loops_cross, uniq_snorg, uniq_lodul
D:13:     layout_small_grid, grunt_vaults_entry_fortified, serial_shops,
          nicolae_stop_n_shop_2, minivault_10
D:14:     layout_irregular_city, kennysheep_nondescript
D:15:     hangedman_depths_entry_try_elsewhere_first, layout_basic,
          minmay_misc_feat_alley, nicolae_kikubaaqudgha_miasma_corner,
          uniq_louise
Temple:   nicolae_temple_no_exploring_needed
Lair:1:   layout_cave_pods, gauntlet_entry_generic, nicolae_lair_grazing_beasts
          [nicolae_sub_lair_graze_edge, nicolae_sub_lair_graze_edge,
          nicolae_sub_lair_graze_edge, nicolae_sub_lair_graze_edge]
Lair:2:   layout_hall_layers, basic_altar, dreamdust_gnoll_shepherd
Lair:3:   dreamdust_isle_of_ice, layout_regular_city, swamp_mist,
          dummy_spider_entry
Lair:4:   layout_misc_corridors, nicolae_lair_liquid_snakes, lemuel_fruit_fields
Lair:5:   hellmonk_lair_end_abyssal_woods, layout_hall_layers,
          minmay_slime_entry_oklob_open
Swamp:1:  layout_basic_swamp, hangedman_swamp_ruin_wall, swamp_pool1
Swamp:2:  layout_basic_swamp, lemuel_altar_in_water, nicolae_swamp_bean_lake,
          infiniplex_staircase_pool
Swamp:3:  layout_basic_swamp, evilmike_swamp_ruin_house_4,
          nicolae_swamp_oklob_treasure_island
Swamp:4:  swamp_basic_johnstein, layout_basic_swamp
Spider:1: layout_spider_delve
Spider:2: layout_spider_delve, nicolae_looking_at_the_future
Spider:3: layout_cave_pods
Spider:4: hellmonk_spider_rune_bug_friends
Orc:1:    layout_caves, bloody_makhleb
Orc:2:    st_orc_rangers, layout_caves, rock_pile
Elf:1:    eino_elf_arrival_shootout, layout_loops_cross, serial_shops, shop,
          hangedman_elven_crosses_minicolossus
Elf:2:    elven_hall_of_blades_hangedman_alternative
          [nicolae_blade_entry_area_security], layout_onion_city, serial_shops,
          shop_fountains, shop, shop, shop,
          portal_desolation_entry_nicolae_nacl, uniq_agnes, uniq_aizul
Vaults:1: ploomutoo_gammafunk_ghost_potion_laboratory, v_misc_3, v_misc_8,
          grunt_vaults_hallway_short, v_misc_33, ontoclasm_vaults_ring_small,
          nicolae_vaults_little_squares_6, grunt_vaults_funnel,
          grunt_vaults_hallway_long, ontoclasm_vaults_ligature,
          vaults_room_grid, layout_vaults_omnigrid, serial_shops, shop,
          enter_trove_2, uniq_saint_roka
Vaults:2: v_rooms_2, vaults_room_pools, minmay_crypt_entry_nasty_monster,
          hangedman_vaults_restitches, nicolae_vaults_twisting_passages,
          hangedman_vaults_stagger, nicolae_vaults_rhombus_6,
          vaults_dpeg_spiral, grunt_vaults_swirl,
          nicolae_vaults_network_quincunx
          [nicolae_vaults_network_quincunx_subvault,
          nicolae_vaults_network_quincunx_subvault,
          nicolae_vaults_network_quincunx_subvault,
          nicolae_vaults_network_quincunx_subvault,
          nicolae_vaults_network_quincunx_subvault], serial_ice_b, v_misc_8,
          layout_vaults_maze, serial_shops, nicolae_shop_overgrown_old_shop
Vaults:3: nicolae_vaults_angled_halls, vaults_room_mumra_shop_pool,
          ontoclasm_vaults_ring_large, v_misc_33, vaults_room_corners,
          v_misc_29, ontoclasm_vaults_bender, vaults_mumra_chevron_long,
          vaults_dpeg_encased_lava, vaults_room_corners,
          layout_vaults_chaotic_city
Vaults:4: vaults_mumra_minichess_inversion, vaults_room_large_hall,
          hangedman_vaults_slice, nicolae_vaults_little_squares_2, v_pattern_5,
          nicolae_vaults_alarming, hangedman_vaults_variations,
          ontoclasm_vaults_chip, hangedman_vaults_impose, vaults_room_hallway,
          hangedman_vaults_stretched_pinwheel, ontoclasm_vaults_loading_screen,
          vaults_room_grid, vaults_dpeg_diagonal, layout_vaults_omnicross,
          serial_shops, nicolae_shop_statue_plus, uniq_sojobo
Crypt:1:  gammafunk_sealed_arena, layout_regular_city, gammafunk_ghost_crypt,
          grunt_ministairs_10, library_closet, minivault_14,
          hangedman_weighted_door
Crypt:2:  layout_basic, roderic_lattice_octagonal_star
Crypt:3:  quadcrypt_mu, uniq_vv
Tomb:1

Skill      XL: |  1  2  3  4  5  6  7  8  9 10 11 12 13 14 15 16 17 18 19 20 21 22 |
---------------+-------------------------------------------------------------------+-----
Spellcasting   | 3 4 5 6 7 8 9 11 12 13 | 13.0
Summonings     | 5 6 7 8 9 10 12 13 14 | 14.2
Hexes          | 1 4 5 |  5.0
Air Magic      | 1 4 6 7 8 9 10 11 12 13 14 15 | 15.6
Fighting       | 2 5 7 9 10 11 12 13 14 15 16 | 16.1
Dodging        | 3 6 8 9 10 11 12 13 14 15 16 | 16.2
Transmutations | 6 9 11 12 13 14 15 16 | 16.6
Translocations | 4 6 7 9 10 11 12 13 | 13.5
Unarmed Combat | 3 5 7 9 10 11 | 11.6
Stealth        | |  2.6

Action                   |  1- 3 |  4- 6 |  7- 9 | 10-12 | 13-15 | 16-18 | 19-21 | 22-24 || total
-------------------------+-------+-------+-------+-------+-------+-------+-------+-------++-------
Melee: Unarmed           |    32 |    21 |    10 |       |   294 |  1025 |  1161 |   343 ||  2886
       Constrict         |     9 |     6 |     3 |    10 |    23 |       |       |     1 ||    52
       Tentacles         |     7 |     5 |       |    16 |    32 |     1 |       |     1 ||    62
       Trident           |       |       |     3 |    77 |   131 |     1 |     5 |    20 ||   237
       Punch             |       |       |       |       |     4 |    16 |    51 |    10 ||    81
 Fire: Sling             |       |       |       |       |     7 |       |       |       ||     7
 Cast: Summon Small Mamm |    32 |     6 |     2 |     5 |     2 |       |       |       ||    47
       Call Imp          |    10 |     6 |     2 |    10 |       |       |       |       ||    28
       Call Canine Famil |    11 |    12 |    26 |    59 |    59 |     1 |     1 |       ||   169
       Summon Lightning  |       |       |    15 |    45 |    78 |    37 |     7 |       ||   182
       Summon Guardian G |       |       |    24 |    65 |    77 |       |       |       ||   166
       Summon Cactus Gia |       |       |       |     2 |    85 |     9 |     5 |     2 ||   103
       Blink             |       |       |       |       |     7 |     2 |    12 |       ||    21
       Manifold Assault  |       |       |       |       |    90 |   229 |   243 |   113 ||   675
       Storm Form        |       |       |       |       |    21 |    65 |    75 |    18 ||   179
       Wereblood         |       |       |       |       |     6 |    51 |    72 |    14 ||   143
       Malign Gateway    |       |       |       |       |       |       |    22 |     4 ||    26
       Maxwell's Capacit |       |       |       |       |       |       |       |     3 ||     3
Invok: Call Merchant     |       |       |       |       |     2 |     1 |     2 |       ||     5
 Abil: Blinkbolt         |       |       |       |       |     7 |    44 |    61 |     6 ||   118
Evoke: Wand              |       |       |       |     2 |    11 |     2 |       |       ||    15
  Use: Scroll            |       |       |       |    15 |    19 |    15 |     6 |     3 ||    58
       Potion            |       |       |       |       |       |       |     4 |     5 ||     9
 Stab: Sleeping          |     6 |       |     1 |     4 |       |     1 |     1 |       ||    13
       Distracted        |       |     1 |       |     1 |     7 |     7 |     2 |       ||    18
       Paralysed         |       |       |     1 |       |       |       |       |       ||     1
       Betrayed ally     |       |       |     1 |     1 |       |       |       |       ||     2
Armor: Skin              |     7 |     2 |       |    19 |    80 |   189 |   149 |    29 ||   475
Dodge: Dodged            |    18 |    12 |    17 |    56 |   387 |   695 |   612 |   198 ||  1995
Block: Other             |       |     1 |     3 |     3 |       |       |       |       ||     7
       Reflection        |       |     1 |       |       |       |       |       |       ||     1
